 Dungeon Crawl Stone Soup version 0.20.1-1-g8b1a95d (webtiles) character file.

408 grizmgrazm2 the Sneak (level 6, -2/42 HPs)
             Began as a Vampire Enchanter on Sept 25, 2017.
             Slain by Crazy Yiuf
             ... wielding a +4 quarterstaff of chaos
              (9 damage)
             ... while paralysed by Crazy Yiuf
             ... on level 3 of the Dungeon.
             The game lasted 00:11:21 (4303 turns).

grizmgrazm2 the Sneak (Vampire Enchanter)           Turns: 4303, Time: 00:11:22

Health: -2/42      AC:  2    Str:  7    XL:     6   Next: 57%
Magic:  11/11      EV:  2    Int: 20    God:
Gold:   156        SH:  0    Dex: 14    Spells: 5/11 levels left

rFire    . . .     SeeInvis +   h - +0 dagger (speed)
rCold    + + .     Gourm    .   (no shield)
rNeg     + + +     Faith    .   b - +0 robe
rPois    ∞         Spirit   .   (no helmet)
rElec    .         Reflect  .   (no cloak)
rCorr    .         Harm     .   (no gloves)
MR       .....                  (no boots)
Stlth    ++++......             k - amulet of magic regeneration
Regen    0.0/turn               f - ring of loudness (curse)
MPRegen  0.2/turn               (no ring)

@: paralysed, bloodless, non-regenerating
A: fangs 3, see invisible, unbreathing
a: Bat Form


You were on level 3 of the Dungeon.
You were bloodless.

You visited 1 branch of the dungeon, and saw 3 of its levels.

You collected 156 gold pieces.

Inventory:

Hand Weapons
 a - a +1 dagger
 h - a +0 dagger of speed (weapon)
Armour
 b - a +0 robe (worn)
Jewellery
 f - a cursed ring of loudness (left hand)
 k - an amulet of magic regeneration (around neck)
Scrolls
 i - 2 scrolls of teleportation
 o - 3 scrolls of identify
 p - a scroll of enchant armour {unknown}
Potions
 d - 15 potions of blood
 e - a potion of invisibility
 g - a potion of magic
 j - a potion of haste {unknown}
 l - a potion of mutation {unknown}
 m - a potion of might {unknown}
 n - a potion of flight {unknown}
 q - 2 potions of degeneration {unknown}
Books
 c - a book of Maledictions

   Spells                             Type                      Level
   a - Corona                         Hexes                        1
   b - Ensorcelled Hibernation        Hexes/Ice                    2
   c - Confuse                        Hexes                        3
   d - Tukima's Dance                 Hexes                        3
   e - Dazzling Spray                 Conjuration/Hexes            3


   Skills:
 + Level 0.5 Fighting
 + Level 2.5 Short Blades
 + Level 3.0 Dodging
 + Level 7.1 Stealth
 + Level 3.4 Spellcasting
 + Level 6.4 Hexes
 + Level 1.5 Ice Magic


You had 5 spell levels left.
You knew the following spells:

 Your Spells              Type           Power        Failure   Level  Hunger
a - Ensorcelled Hibernat  Hex/Ice        ###...       4%          2    ##.....
b - Confuse               Hex            ####....     3%          3    ###....
c - Corona                Hex            ####...      1%          1    None


Dungeon Overview and Level Annotations

Branches:
Dungeon (3/15)

Altars:
Cheibriados
Ru

Annotations:
D:3 Crazy Yiuf


Innate Abilities, Weirdness & Mutations

You do not heal naturally.
You are immune to poison.
You have razor-sharp teeth.
You have supernaturally acute eyesight. (SInv)
You can survive without breathing.


Message History

You see here a mace.
You see here a mace.
You see here a mace.
You see here a mace.
You open the door.
Crazy Yiuf the Enlightened comes into view.
He is wielding a quarterstaff of chaos.
Found eight maces.
Crazy Yiuf shouts!
There is an open door here.
Crazy Yiuf hits you with a quarterstaff of chaos.
You suddenly lose the ability to move!
Crazy Yiuf hits you with a quarterstaff of chaos!
Crazy Yiuf burns you.
Crazy Yiuf hits you with a quarterstaff of chaos.
* * * LOW HITPOINT WARNING * * *
Crazy Yiuf burns you.
* * * LOW HITPOINT WARNING * * *
Crazy Yiuf barely misses you.
Crazy Yiuf hits you with a quarterstaff of chaos!
You die...

####...........#
#...........#
#..###......#
##.# ######## #.#
##.##♣♣♣♣♣
#..+).)♣)♣♣♣#####
#......)♣))♣#)))#
#......♣♣♣♣)'@g.#
##.+.)♣♣ ♣♣#)))#
####♣♣ #####


You could see Crazy Yiuf.

Vanquished Creatures
  Grinder (D:3)
  An orc priest (D:2)
  An orc wizard (D:3)
  Jessica (D:3)
  A worker ant (D:3)
  Robin (D:3)
  An adder (D:2)
  4 dart slugs
  3 leopard geckos
  3 orcs (D:2)
  3 giant cockroaches
  15 goblins
  13 hobgoblins
  4 jackals (D:1)
  11 bats
  4 frilled lizards
  7 kobolds
  8 rats
82 creatures vanquished.

Notes
Turn   | Place    | Note
-------+----------+-------------------------------------------
     0 | D:1      | grizmgrazm2 the Vampire Enchanter began the quest for the Orb.
     0 | D:1      | Reached XP level 1. HP: 13/13 MP: 3/3
   847 | D:1      | Reached XP level 2. HP: 19/19 MP: 3/5
   851 | D:1      | Learned a level 2 spell: Ensorcelled Hibernation
  1995 | D:1      | Reached XP level 3. HP: 24/24 MP: 1/6
  2363 | D:1      | Learned a level 3 spell: Confuse
  2672 | D:2      | Reached skill level 5 in Stealth
  2673 | D:2      | Found a snail-covered altar of Cheibriados.
  2852 | D:2      | Reached skill level 5 in Hexes
  3351 | D:3      | Reached XP level 4. HP: 31/31 MP: 7/7
  3363 | D:2      | Reached skill level 1 in Ice Magic
  3708 | D:3      | Noticed Robin
  3785 | D:2      | Reached XP level 5. HP: 36/36 MP: 6/9
  3808 | D:2      | Reached skill level 6 in Stealth
  3842 | D:3      | Killed Robin
  4132 | D:3      | Found a sacrificial altar of Ru.
  4134 | D:3      | Noticed Jessica
  4151 | D:3      | Killed Jessica
  4157 | D:3      | Noticed Grinder
  4203 | D:3      | Killed Grinder
  4203 | D:3      | Reached skill level 7 in Stealth
  4203 | D:3      | Reached XP level 6. HP: 34/42 MP: 3/11
  4293 | D:3      | Found a runed door.
  4297 | D:3      | Noticed Crazy Yiuf
  4299 | D:3      | Paralysed by Crazy Yiuf for 7 turns
  4303 | D:3      | Slain by Crazy Yiuf

Skill      XL: |  1  2  3  4  5 |
---------------+----------------+-----
Stealth        | 5 7 |  7.1
Hexes          | 5 6 |  6.4
Ice Magic      | 1 |  1.5
Short Blades   | 2 |  2.5
Dodging        | 3 |  3.0
Spellcasting   | 3 |  3.4
Fighting       | |  0.5

Action                   |  1- 3 |  4- 6 || total
-------------------------+-------+-------++-------
Melee: Dagger            |   113 |    66 ||   179
       Bite              |     7 |     1 ||     8
 Cast: Corona            |    11 |     1 ||    12
       Ensorcelled Hiber |    45 |    28 ||    73
       Confuse           |     2 |     8 ||    10
 Abil: End Transformatio |       |     1 ||     1
       Bat Form          |       |     1 ||     1
  Use: Scroll            |     5 |       ||     5
       Potion            |     1 |     1 ||     2
 Stab: Sleeping          |    34 |    23 ||    57
       Confused          |     1 |     6 ||     7
Armor: Robe              |    21 |    13 ||    34
Dodge: Dodged            |    83 |    54 ||   137
